 Dungeon Crawl Stone Soup version 0.18-a0-1626-g65af6d3 (webtiles) character file.

6930 Ladykiller69 the Cleaver (level 11, -5/87 HPs)
             Began as a Formicid Fighter on Mar 25, 2016.
             Was an Initiate of Cheibriados.
             Slain by a hill giant
             ... wielding a +0 giant club
              (35 damage)
             ... on level 11 of the Dungeon.
             The game lasted 00:44:26 (8702 turns).

Ladykiller69 the Cleaver (Formicid Fighter)         Turns: 8702, Time: 00:44:27

Health: -5/87      AC: 19    Str: 35    XL:     11   Next: 27%
Magic:  11/11      EV:  8    Int: 12    God:    Cheibriados [......]
Gold:   402        SH: 13    Dex: 15    Spells: 0 memorised, 10 levels left

rFire  + . .     SeeInvis +     Z - +3 battleaxe
rCold  . . .     Gourm    +     A - +4 plate armour
rNeg   . . .     Faith    .     c - +0 shield
rPois  .         Spirit   .     (helmet unavailable)
rElec  .         Dismiss  .     L - +0 cloak
rCorr  +         Reflect  .     (no gloves)
SustAt .         Harm     .     (no boots)
MR     +....                    H - amulet of the gourmand
Stlth  ..........               I - ring of resist corrosion
                                W - ring of Xom's Amusement {*Confuse rF+ Str+4 Int+4 Dex+4}

@: mighty, very slow, somewhat resistant to hostile enchantments, extremely
unstealthy
A: permanent stasis, dig shafts and tunnels, four strong arms, antennae 3
a: Dig, Shaft Self, Bend Time, Renounce Religion


You were on level 11 of the Dungeon.
You worshipped Cheibriados.
Cheibriados was noncommittal.
You were very full.

You visited 2 branches of the dungeon, and saw 12 of its levels.
You also visited: Bailey.

You collected 402 gold pieces.

Inventory:

Hand Weapons
 Z - a +3 battleaxe (weapon)
Missiles
 q - 3 javelins (quivered)
 u - 4 tomahawks
Armour
 b - a +0 scale mail
 c - a +0 shield (worn)
 A - a +4 plate armour (worn)
 L - a +0 cloak (worn)
Jewellery
 y - an uncursed amulet of faith
 H - an amulet of the gourmand (around neck)
 I - a ring of resist corrosion (right hand)
 W - the ring of Xom's Amusement (left hand) {*Confuse rF+ Str+4 Int+4 Dex+4}
   (You found it on level 7 of the Dungeon)

   [ring of dexterity]

   It affects your strength (+4).
   It affects your intelligence (+4).
   It affects your dexterity (+4).
   It protects you from fire.
   It may confuse you when you take damage.
Wands
 D - a wand of teleportation (3/9)
 J - a wand of digging (12/24)
 K - a wand of iceblast (7/15)
 N - a wand of confusion (18/48)
 P - a wand of iceblast (4/15)
 Q - a wand of iceblast (9/15)
 X - a wand of confusion (33/48)
Scrolls
 e - 5 scrolls of remove curse
 i - 2 scrolls of blinking
 j - a scroll of enchant armour {unknown}
 k - a scroll of enchant weapon
 m - 2 scrolls of fog
 o - 3 scrolls of teleportation
 s - 7 scrolls of identify
 C - a scroll of recharging
 S - a scroll of random uselessness {unknown}
 Y - a scroll of noise {unknown}
Potions
 h - 3 potions of curing
 n - 2 potions of invisibility {unknown}
 p - 3 potions of heal wounds {unknown}
 r - a potion of magic {unknown}
 v - 2 potions of degeneration {unknown}
 w - a potion of ambrosia {unknown}
 x - 2 potions of lignification {unknown}
 z - 2 potions of mutation {unknown}
 B - a potion of flight {unknown}
 M - a potion of cure mutation {unknown}
 R - a potion of berserk rage {unknown}
 U - a potion of resistance {unknown}
Books
 a - a book of Maledictions

   Spells                             Type                      Level
   a - Corona                         Hexes                        1
   b - Ensorcelled Hibernation        Hexes/Ice                    2
   c - Confuse                        Hexes                        3
   d - Tukima's Dance                 Hexes                        3
   e - Dazzling Spray                 Conjuration/Hexes            3
 E - a book of the Dragon

   Spells                             Type                      Level
   a - Flame Tongue                   Conjuration/Fire             1
   b - Cause Fear                     Hexes                        4
   c - Bolt of Fire                   Conjuration/Fire             6
   d - Dragon Form                    Transmutation                7
   e - Dragon's Call                  Summoning                    9
 G - a book of Conjurations

   Spells                             Type                      Level
   a - Magic Dart                     Conjuration                  1
   b - Searing Ray                    Conjuration                  2
   c - Dazzling Spray                 Conjuration/Hexes            3
   d - Fulminant Prism                Conjuration/Hexes            4
   e - Iskenderun's Mystic Blast      Conjuration                  4
   f - Iskenderun's Battlesphere      Conjuration/Charms           5
 V - a book of Hinderance

   Spells                             Type                      Level
   a - Confusing Touch                Hexes                        2
   b - Confuse                        Hexes                        3
   c - Gell's Gravitas                Hexes/Translocation          3
   d - Petrify                        Transmutation/Earth          4
   e - Metabolic Englaciation         Hexes/Ice                    5
   f - Yara's Violent Unravelling     Hexes/Transmutation          5
Comestibles
 f - 9 bread rations
 g - 7 meat rations
 l - 5 fruits
 t - a royal jelly
 O - 9 slices of pizza
 T - 3 beef jerkies


   Skills:
 + Level 8.9 Fighting
 * Level 10.6 Axes
 + Level 8.9 Armour
 + Level 9.6 Shields


You had 10 spell levels left.
You didn't know any spells.

Dungeon Overview and Level Annotations

Branches:
Dungeon (11/15)            Temple (1/1) D:7            Lair (0/8) D:8
    Orc: D:9-12

Altars:
Ashenzari
Cheibriados
Dithmenos
Elyvilon
Fedhas
Gozag
Kikubaaqudgha
Makhleb
Nemelex Xobeh
Okawaru
Pakellas
Qazlal
Ru
Sif Muna
Trog
Vehumet
Xom
Yredelemnul
Zin
The Shining One

Annotations:
D:5 Grinder


Innate Abilities, Weirdness & Mutations

You are under a permanent stasis effect.
You can dig through walls and to a lower floor.
Your four strong arms can wield two-handed weapons with a shield.
You have a pair of large antennae on your head (SInv).


Message History

You slice Erolcha!!
You kill Erolcha!
Cheibriados appreciates the change of pace.
Drink which item? (? for menu, Esc to quit)
You feel very mighty all of a sudden.
You slash the hill giant!
The hill giant is lightly wounded.
The hill giant hits you but does no damage.
You barely miss the hill giant.
The hill giant is lightly wounded.
The hill giant hits you with a giant club!!
Your plate armour prevents you from hitting the hill giant.
The hill giant is lightly wounded.
You block the hill giant's attack.
You slice the hill giant!!
The hill giant is heavily wounded.
You hit the hill giant.
The hill giant is heavily wounded.
The hill giant hits you with a giant club!!
You die...

#.....# ##.## ##
#### #... .... #...
#..# # )#.###..##.#
...!...C...# #@# #.#
#.# #.# #.#
######### #.#
........# #.#
.######.##### ##.##
.##.........###...##


You could see a hill giant.

Vanquished Creatures
  The ghost of namelastname112 the Slicer, a journeyman DrBe of Dithmenos (D:11)
  Erolcha (D:11)
  A hill giant (D:10)
  The ghost of UnlimitedFusion the Cudgeler, a novice GrGl of Cheibriados (D:6)
  A hog (D:7)
  Sigmund (D:6)
  2 wyverns
  Eustachio (D:6)
  A hungry ghost (D:10)
  A human (D:7)
  A steam dragon (D:8)
  A hippogriff (D:5)
  Edmund (D:6)
  A water moccasin (D:9)
  An orc warrior (D:9)
  A phantom (D:5)
  2 sky beasts
  An eye of draining (D:10)
  2 ogres
  2 necrophages
  A centaur (D:6)
  Blork the orc (D:6)
  5 giant frogs
  2 water moccasin zombies
  A scorpion (D:7)
  6 killer bees (D:9)
  2 wights (D:9)
  2 howler monkeys
  4 crimson imps
  A quasit (D:8)
  2 centaur skeletons
  6 hounds
  A giant frog skeleton (D:7)
  A gnoll shaman (D:6)
  2 orc priests
  Crazy Yiuf (D:6)
  4 iguanas
  6 orc wizards
  6 worker ants
  3 sheep (D:7)
  A hound zombie (D:7)
  A hound skeleton (D:5)
  3 howler monkey zombies
  A worker ant zombie (D:10)
  16 gnolls
  16 adders
  An ooze (D:1)
  An adder zombie (D:8)
  5 adder skeletons
  2 worms (D:3)
  9 giant geckos
  27 orcs
  8 giant cockroaches
  14 goblins
  5 hobgoblins
  9 jackals
  4 quokkas
  2 ball pythons
  3 bats
  5 giant newts
  A jackal skeleton (D:7)
  9 kobolds
  A quokka zombie (D:9)
  6 rats
231 creatures vanquished.

Notes
Turn   | Place    | Note
--------------------------------------------------------------
     0 | D:1      | Ladykiller69 the Formicid Fighter began the quest for the Orb.
     0 | D:1      | Reached XP level 1. HP: 18/18 MP: 1/1
   105 | D:1      | Reached XP level 2. HP: 21/24 MP: 2/2
   276 | D:1      | Reached XP level 3. HP: 29/29 MP: 3/3
   964 | D:2      | Reached skill level 3 in Axes
   975 | D:2      | Reached XP level 4. HP: 26/35 MP: 4/4
  1017 | D:2      | Found a shadowy altar of Dithmenos.
  1408 | D:2      | Found a bloodstained altar of Trog.
  1754 | D:3      | Reached XP level 5. HP: 35/42 MP: 5/5
  2006 | D:3      | Found a stormy altar of Qazlal.
  2006 | D:3      | Noticed a water elemental
  2007 | D:3      | Noticed a fire elemental
  2007 | D:3      | Noticed an air elemental
  2485 | D:4      | Found a white marble altar of Elyvilon.
  2741 | D:5      | Entered Level 5 of the Dungeon
  2760 | D:5      | Reached XP level 6. HP: 25/48 MP: 6/6
  2768 | D:5      | Reached skill level 4 in Axes
  2905 | D:4      | Reached skill level 5 in Shields
  2978 | D:4      | Found an oddly glowing altar of Pakellas.
  2978 | D:4      | Noticed an ice dragon
  3398 | D:5      | Noticed a hippogriff
  3456 | D:5      | Reached XP level 7. HP: 48/55 MP: 7/7
  3508 | D:5      | Reached skill level 5 in Axes
  3516 | D:5      | Killed a hippogriff
  3516 | D:5      | Reached skill level 5 in Armour
  3525 | D:5      | Reached skill level 5 in Fighting
  3525 | D:5      | Reached XP level 8. HP: 25/62 MP: 8/8
  3720 | D:5      | Found a radiant altar of Vehumet.
  3751 | D:5      | Noticed Grinder
  3772 | D:6      | Noticed Eustachio
  3832 | D:6      | Killed Eustachio
  3832 | D:6      | Reached skill level 6 in Axes
  3981 | D:6      | Noticed UnlimitedFusion's ghost (novice GrGl)
  3981 | D:6      | Noticed Edmund
  4250 | D:6      | Noticed Blork the orc
  4258 | D:6      | Killed Blork the orc
  4322 | D:6      | Reached XP level 9. HP: 51/69 MP: 9/9
  4512 | D:6      | Reached skill level 7 in Axes
  4619 | D:6      | Killed Edmund
  4798 | D:6      | Noticed Sigmund
  4809 | D:6      | Killed Sigmund
  4886 | D:6      | Noticed Crazy Yiuf
  4899 | D:6      | Killed Crazy Yiuf
  4930 | D:6      | Killed UnlimitedFusion's ghost
  4981 | D:7      | Found a sparkling altar of Nemelex Xobeh.
  5135 | D:7      | Reached skill level 8 in Axes
  5394 | D:7      | Found a staircase to the Ecumenical Temple.
  5404 | Temple   | Entered the Ecumenical Temple
  5559 | D:7      | Got a vibrating jade ring
  5603 | D:7      | Reached XP level 10. HP: 51/79 MP: 10/10
  5750 | D:8      | Found a flagged portal.
  5759 | Bailey   | Entered a bailey
  5762 | Bailey   | Noticed an orc knight
  5762 | Bailey   | Noticed an orc knight
  5820 | D:8      | Found a staircase to the Lair.
  5899 | D:8      | Found an iron altar of Okawaru.
  6141 | D:8      | Reached skill level 9 in Axes
  6423 | D:9      | You fall through a shaft!
  6423 | D:10     | Entered Level 10 of the Dungeon
  6437 | D:10     | HP: 3/80 [wyvern (8)]
  7578 | D:9      | Found a snail-covered altar of Cheibriados.
  7578 | D:9      | Found a shimmering altar of Xom.
  7583 | D:9      | Became a worshipper of Cheibriados the Contemplative
  7662 | D:10     | Noticed a hill giant
  7682 | D:10     | Killed a hill giant
  7912 | D:10     | Identified the ring of Xom's Amusement {*Confuse rF+ Str+4 Int+4 Dex+4} (You found it on level 7 of the Dungeon)
  7974 | D:10     | Found a white marble altar of Elyvilon.
  8183 | D:10     | Reached skill level 10 in Axes
  8220 | D:10     | Reached XP level 11. HP: 84/87 MP: 11/11
  8303 | D:11     | Noticed Erolcha
  8600 | D:11     | Noticed namelastname112's ghost (journeyman DrBe)
  8643 | D:11     | Killed namelastname112's ghost
  8693 | D:11     | Noticed a hill giant
  8696 | D:11     | Killed Erolcha
  8702 | D:11     | Slain by a hill giant

Vault maps used:
D:1:      lightli_arrival_boilingwater
D:2:      lightli_temple_of_fire, grunt_dithmenos_smoke
D:3:      nicolae_qazlal_style_of_elements, st_stairs_3
D:4:      nicolae_overflow_crystal_walls, serial_column_ruins,
          column_ruins_square_medium, column_ruins_hut_ruined,
          column_ruins_open_small, column_ruins_open_large,
          column_ruins_columns_straight, column_ruins_open_medium,
          gammafunk_pakellas_cloud_experiment
D:5:      vehumet_crystals, portal_sewer_entry_f, first_bread, uniq_grinder
D:6:      sigmund_edmund_badplayer, uniq_eustachio, uniq_crazy_yiuf_cottage,
          uniq_blork_the_orc
D:7:      minmay_temple_entry_grid, grunt_livestock, nemelex_deck
D:8:      kennysheep_mini_moat, lair_0_dummy, enter_bailey_7
D:9:      gammafunk_temple_overflow_elements
D:10:     basic_altar
D:11:     kennysheep_generic_room_10, uniq_erolcha
Temple:   circular_temple_12
Bailey:   bailey_polearm_4, bailey

Skill      XL: |  1  2  3  4  5  6  7  8  9 10 |
---------------+-------------------------------+-----
Axes           | 3 4 5 6 8 10 | 10.6
Shields        | 4 5 6 8 9 |  9.6
Armour         | 4 5 6 7 8 |  8.9
Fighting       | 4 5 7 8 |  8.9

Action                   |  1- 3 |  4- 6 |  7- 9 | 10-12 || total
-------------------------+-------+-------+-------+-------++-------
Melee: War axe           |   100 |   190 |   233 |       ||   523
       Battleaxe         |       |       |   207 |   317 ||   524
 Abil: Dig               |     3 |     9 |    14 |    14 ||    40
       Shaft Self        |       |       |       |     1 ||     1
  Use: Scroll            |       |     7 |       |     2 ||     9
       Potion            |       |       |       |     4 ||     4
  Eat: Chunk             |       |    10 |    10 |    21 ||    41
       Beef jerky        |       |       |     1 |       ||     1
